 Dungeon Crawl Stone Soup version 0.30-a0-696-g2367cd04db (webtiles) character file.

Game seed: 8740571035054445192

1011 warriortoast the Trooper (level 8, -2/87 HPs)
             Began as a Barachi Fighter on Jan 20, 2023.
             Was a Follower of Hepliaklqana.
             Killed from afar by an orc wizard (5 damage)
             ... with a puff of flame
             ... on level 6 of the Dungeon.
             The game lasted 00:20:08 (5930 turns).

warriortoast the Trooper (Barachi Fighter)          Turns: 5930, Time: 00:20:08

Health: -2/87      AC: 24    Str: 19    XL:     8   Next: 21%
Magic:  8/8        EV:  2    Int: 10    God:    Hepliaklqana [*.....]
Gold:   425        SH:  0    Dex: 11    Spells: 7/7 levels left

rFire   . . .      SeeInvis .    a - +0 long sword
rCold   . . .      Faith    .    c - +0 buckler
rNeg    . . .      Spirit   .    (body armour currently unavailable)
rPois   +          Reflect  .    (helmet currently unavailable)
rElec   .          Harm     .    (cloak currently unavailable)
rCorr   .          Rampage  .    (gloves currently unavailable)
Will    .....      NoTele   +    (boots currently unavailable)
Stlth   +                        (no amulet)
HPRegen 0.34/turn                (no ring)
MPRegen 0.11/turn                (no ring)

@: confused, tree-form, unable to hop, studying Staves
A: stationary, stasis, torment immunity, boosted hp, reduced essence,
(amphibious), (slowness 1), (strong legs 1), +LOS
a: Renounce Religion, Recall Ancestor, Ancestor Identity


You were on level 6 of the Dungeon.
You worshipped Hepliaklqana.
Hepliaklqana was aware of your devotion.
You were a tree.
You visited 1 branch of the dungeon, and saw 6 of its levels.
You also visited: Sewer.

You collected 445 gold pieces.
You spent 20 gold pieces at shops.

Inventory:

Hand Weapons
 a - a +0 long sword (weapon)
 y - a +3 war axe
Missiles
 e - 6 javelins
 C - 4 poisoned darts (quivered)
Armour
 b - a +0 scale mail (melded)
 c - a +0 buckler (worn)
 l - a scarf of harm
 p - a +0 helmet (melded)
 t - a +0 plate armour
 B - a scarf of shadows
Jewellery
 i - a ring of magical power
Wands
 u - a wand of digging (3)
 A - a wand of polymorph (7)
Scrolls
 k - 2 scrolls of fear
 n - a scroll of magic mapping {unknown}
 o - a scroll of immolation {unknown}
 r - a scroll of identify
 s - a scroll of brand weapon {unknown}
 v - a scroll of vulnerability {unknown}
 w - 4 scrolls of teleportation {unknown}
Potions
 d - a potion of berserk rage
 g - a potion of lignification
 h - 2 potions of ambrosia
 m - 2 potions of might
 q - 4 potions of attraction
 x - 2 potions of brilliance
 z - a potion of curing


   Skills:
 + Level 6.4 Fighting
 + Level 5.7 Long Blades
 + Level 6.2 Armour
 + Level 5.8 Shields
 + Level 3.0 Evocations


You had 7 spell levels left.
You didn't know any spells.
Your spell library contained the following spells:

 Spells                   Type           Power      Damage    Failure   Level
 Shock                    Conj/Air       0%         1d3       43%         1
 Lesser Beckoning         Tloc           0%         N/A       58%         2
 Momentum Strike          Conj/Tloc      0%         3d8       58%         2
 Gell's Gravitas          Tloc           0%         N/A       82%         3
 Teleport Other           Tloc           0%         N/A       82%         3
 Maxwell's Capacitive Co  Air            0%         ∞         100%        8


Dungeon Overview and Level Annotations

Branches:
Dungeon (6/15)             Temple (0/1) D:5           Sewer (visited)

Altars:
Fedhas
Hepliaklqana
Ru
Wu Jian
Xom

Shops:
D:5 *


Innate Abilities, Weirdness & Mutations

You are a tree.
Your roots penetrate the ground, keeping you stationary.
You cannot be teleported.
You are immune to unholy pain and torment.
Your maximum health is greatly increased.
Your equipment is partially melded.
Your life essence is reduced to manifest your ancestor. (-10% HP)
((You are amphibious.))
((You cover ground slowly.))
((You can hop short distances.))
You have an extended range of vision and can be seen from far away.


Message History

A puff of flame appears from out of thin air!
The puff of flame hits you!
An ogre comes into view. It is wielding a +0 giant club.
The ogre shouts!
As you read the scroll labelled FUPSIB ROATUV, it crumbles to dust.
It is a scroll of amnesia.
You feel forgetful for a moment.
You are confused.
You are too confused!
You feel much better.
The ogre hits you with a +0 giant club!!
You are more confused.
You're too confused to move!
Really quaff the potion of lignification? [Y]es or [N]o only, please.
Really quaff the potion of lignification?
Uppercase [Y]es or [N]o only, please.
Really quaff the potion of lignification?
You turn into a tree.
Your +0 helmet melds into your body.
Your +0 scale mail melds into your body.
Your roots penetrate the ground.
The ogre hits you with a +0 giant club!!
You cannot move. (Use ctrl+direction or * direction to attack while stationary and confused.)
You cannot move. (Use ctrl+direction or * direction to attack while stationary and confused.)
You cannot move. (Use ctrl+direction or * direction to attack while stationary and confused.) Unknown command.
You cannot move. (Use ctrl+direction or * direction to attack while stationary and confused.)
You attack the rock wall.
The ogre hits you with a +0 giant club!
* * * LOW HITPOINT WARNING * * *
The jelly jiggles.
You slash the ogre!
The ogre is moderately wounded.
A magic dart appears from out of thin air!
The magic dart hits you but does no damage.
The ogre hits you with a +0 giant club!!
* * * LOW HITPOINT WARNING * * *
You nearly hit yourself!
A puff of flame appears from out of thin air!
The puff of flame hits you.
You die...

### ..# #.# #.#
#.# #.# #.# #O#
################♣#
....J.J[S.oJ{....#
##################
.........#
##.~~~~~.#
###~~≈~~.#
#~≈_≈..# #~~.~.##
#....~#


You could see an ogre, a jelly, an adder and an orc.

Vanquished Creatures
  A water moccasin (Sewer)
  An ice beast (D:5)
  2 phantoms (D:4)
  A scorpion (D:6)
  A hound (D:5)
  An iguana (D:5)
  2 orc wizards
  6 gnolls
  13 adders
  2 river rats (D:3)
  An ufetubus (D:5)
  9 worms
  5 dart slugs
  11 orcs
  9 ball pythons
  7 endoplasms
  2 giant cockroaches
  9 goblins
  4 hobgoblins
  8 jackals
  7 quokkas
  14 bats
  3 frilled lizards
  6 kobolds
  8 rats
133 creatures vanquished.

Vanquished Creatures (collateral kills)
  A centaur (D:5)
  A gnoll bouda (D:5)
  2 gnolls (D:5)
  An adder (D:5)
  A butterfly (D:5)
6 creatures vanquished.

Vanquished Creatures (others)
  An orc wizard (D:4)
  3 ancestors
  2 orcs (D:5)
  A hobgoblin (D:4)
  60 plants (D:2)
67 creatures vanquished.

Grand Total: 206 creatures vanquished

Notes
Turn   | Place    | Note
-------+----------+-------------------------------------------
     0 | D:1      | warriortoast the Barachi Fighter began the quest for the
                  | Orb.
     0 | D:1      | Reached XP level 1. HP: 18/18 MP: 1/1
   311 | D:1      | Reached XP level 2. HP: 25/25 MP: 2/2
   516 | D:1      | Reached XP level 3. HP: 30/30 MP: 3/3
  1002 | D:2      | Found a sacrificial altar of Ru.
  1204 | D:2      | Reached XP level 4. HP: 32/37 MP: 4/4
  1427 | D:2      | Found a shimmering altar of Xom.
  1750 | D:2      | Reached XP level 5. HP: 43/43 MP: 5/5
  2333 | D:3      | Found a glowing drain.
  2386 | Sewer    | Entered a sewer
  2397 | Sewer    | Reached skill level 5 in Fighting
  2427 | Sewer    | Noticed a water moccasin
  2444 | Sewer    | Killed a water moccasin
  2445 | Sewer    | Reached skill level 5 in Armour
  2445 | Sewer    | Reached XP level 6. HP: 9/51 MP: 6/6
  3127 | D:3      | Found a hazy altar of Hepliaklqana.
  3136 | D:3      | Became a worshipper of Hepliaklqana the Forgotten
  3212 | D:3      | Found an ornate altar of the Wu Jian Council.
  3780 | D:4      | Reached skill level 5 in Shields
  3780 | D:4      | Reached skill level 1 in Evocations
  3780 | D:4      | Reached XP level 7. HP: 56/56 MP: 7/7
  3947 | D:4      | Reached skill level 5 in Long Blades
  4530 | D:5      | Entered Level 5 of the Dungeon
  4551 | D:5      | Got the Papyrus of the Fuming Jaunt
  4821 | D:5      | Found Cutoski's CLEARANCE SALE!.
  4842 | D:5      | Bought a potion of might for 20 gold pieces
  4870 | D:5      | Reached * piety under Hepliaklqana
  4913 | D:5      | Noticed Blork the orc
  4927 | D:5      | Blork the orc changed into Blork the hound
  4927 | D:5      | Noticed Blork
  4930 | D:5      | Killed Blork the hound
  5034 | D:5      | Found a staircase to the Ecumenical Temple.
  5255 | D:5      | Reached XP level 8. HP: 47/57 MP: 8/8
  5845 | D:6      | Found a blossoming altar of Fedhas.
  5929 | D:6      | HP: 3/87 [ogre/+0 giant club (19)]
  5930 | D:6      | Killed from afar by an orc wizard

Illustrated notes

Levels and vault maps discovered:
D:1:      ncdulo_wetmaze, layout_basic
D:2:      wad_woods_stonehenge, layout_basic, basic_altar, minmay_puff
D:3:      layout_rooms, nicolae_overflow_crystal_walls,
          mainiacjoe_overflow_small_starburst, lightli_sewer_entry_pipes,
          dk_noncrumbling_2
D:4:      layout_basic
D:5:      layout_basic, minmay_temple_entry_butterflies,
          minmay_misc_feat_nine_boxes, kennysheep_minor_cross,
          nicolae_shop_clearance, uniq_blork_the_orc
D:6:      layout_basic, fedhas_altar_2, kennysheep_generic_room_14

Skill      XL: |  1  2  3  4  5  6  7  8 |
---------------+-------------------------+-----
Fighting       | 4 5 6 |  6.4
Armour         | 4 5 6 |  6.2
Long Blades    | 3 4 5 |  5.7
Shields        | 4 5 |  5.8
Evocations     | 1 2 3 |  3.0

Action                   |  1- 3 |  4- 6 |  7- 9 || total
-------------------------+-------+-------+-------++-------
Melee: Long sword        |   124 |   264 |   157 ||   545
Throw: Dart              |       |    18 |     2 ||    20
       Javelin           |       |     8 |     6 ||    14
 Abil: Hop               |       |     4 |     2 ||     6
Evoke: Wand              |       |    19 |    13 ||    32
  Use: Potion            |       |     2 |     2 ||     4
       Scroll            |       |     4 |     3 ||     7
Armor: Scale mail        |    55 |   156 |    72 ||   283
       Skin              |       |     3 |     1 ||     4
Dodge: Dodged            |    85 |   145 |    66 ||   296
Block: Buckler           |    29 |    73 |    38 ||   140

Table legend: (Time is in decaauts)
 A = Elapsed time spent in this place.
 B = Non-inter-level travel time spent in this place.
 C = Inter-level travel time spent in this place.
 D = Time resting spent in this place.
 E = Time spent auto-exploring this place.
 F = Levels seen in this place.
 G = Mean time per level.
                   A        B        C        D        E       F      G
               +--------+--------+--------+--------+--------+-----+--------+
         Total |   6787 |   6576 |    211 |   1313 |   3483 |   7 |  969.6 |
       Dungeon |   6478 |   6267 |    211 |   1135 |   3471 |   6 | 1079.7 |
         Sewer |    308 |    308 |      0 |    178 |     12 |   1 |  308.0 |
               +--------+--------+--------+--------+--------+-----+--------+

Top non-repeatable levels by time:
     D:3: 1447 daAuts
     D:5: 1402 daAuts
     D:2: 1341 daAuts
     D:1: 1147 daAuts
     D:4: 955 daAuts
   Sewer: 308 daAuts
     D:6: 185 daAuts
